 Dungeon Crawl Stone Soup version 0.27-a0-585-g945025970d (webtiles) character file.

Game seed: 11610264482102137575

167 Azunone the Cudgeller (level 5, -1/53 HPs)
             Began as a Troll Monk on Mar 10, 2021.
             Slain by a leopard gecko (3 damage)
             ... on level 3 of the Dungeon.
             The game lasted 00:04:20 (1484 turns).

Azunone the Cudgeller (Troll Monk)                  Turns: 1484, Time: 00:04:22

Health: -1/53      AC:  4    Str: 20    XL:     5   Next: 23%
Magic:  4/4        EV: 10    Int:  6    God:
Gold:   133        SH:  0    Dex: 12    Spells: 4/4 levels left

rFire    . . .     SeeInvis .   a - +0 mace
rCold    . . .     Faith    .   (no shield)
rNeg     . . .     Spirit   .   b - +0 robe
rPois    .         Reflect  .   i - +0 hat
rElec    .         Harm     .   e - scarf {shadows}
rCorr    .         Rampage  .   (gloves unavailable)
Will     .....                  (boots unavailable)
Stlth    ++........             (no amulet)
HPRegen  1.17/turn              (no ring)
MPRegen  0.09/turn              (no ring)

@: brilliant, flying
A: large, unfitting armour, claws 3, regeneration 1, shaggy fur 1, tough skin 1
a: no special abilities


You were on level 3 of the Dungeon.
You visited 1 branch of the dungeon, and saw 3 of its levels.

You collected 133 gold pieces.

Inventory:

Hand Weapons
 a - a +0 mace (weapon)
Missiles
 k - 4 large rocks (quivered)
 n - 14 poisoned darts
Armour
 b - a +0 robe (worn)
 e - a scarf of shadows (worn)
 i - a +0 hat (worn)
Scrolls
 c - 2 scrolls of immolation {unknown}
 d - a scroll of identify {unknown}
 g - a scroll of enchant weapon {unknown}
 j - a scroll of enchant armour {unknown}
 l - 2 scrolls of magic mapping {unknown}
 m - a scroll of teleportation {unknown}


   Skills:
 + Level 3.2 Fighting
 * Level 3.9 Maces & Flails
 + Level 1.0 Throwing
 + Level 3.3 Dodging
 - Level 1.0 Stealth


You had 4 spell levels left.
You didn't know any spells.
Your spell library was empty.

Dungeon Overview and Level Annotations

Branches:
Dungeon (3/15)

Altars:
Vehumet


Innate Abilities, Weirdness & Mutations

You are too large for most types of armour.
You have claws for hands.
Your natural rate of healing is unusually fast.
You are covered in fur. (AC +1)
You have tough skin. (AC +1)


Message History

The leopard gecko barely misses you. The gnoll barely misses you.
The leopard gecko bites you. The gnoll hits you but does no damage.
You completely miss the leopard gecko.
The leopard gecko is severely wounded.
The leopard gecko bites you but does no damage.
The gnoll barely misses you.
You hit the leopard gecko.
The leopard gecko is almost dead.
The leopard gecko hisses menacingly.
The leopard gecko bites you.
An orc comes into view. It is wielding a +0 hand axe.
The gnoll barely misses you.
The leopard gecko bites you but does no damage.
You hit the leopard gecko but do no damage.
The leopard gecko is almost dead.
The gnoll hits you with a +0 flail!
The gnoll hits you from afar with a +0 spear.
The leopard gecko bites you.
* * * LOW HITPOINT WARNING * * *
You miss the leopard gecko.
The leopard gecko is almost dead.
The leopard gecko completely misses you.
The gnoll hits you with a +0 flail.
* * * LOW HITPOINT WARNING * * *
The gnoll hits you from afar with a +0 spear.
* * * LOW HITPOINT WARNING * * *
The leopard gecko bites you.
* * * LOW HITPOINT WARNING * * *
It was a potion of brilliance.
You feel clever all of a sudden.
The gnoll hits you from afar with a +0 spear.
* * * LOW HITPOINT WARNING * * *
The gnoll barely misses you. The leopard gecko closely misses you.
It was a potion of flight.
You feel very buoyant.
You fly up into the air.
The gnoll hits you but does no damage. The gnoll hits you with a +0 flail.
* * * LOW HITPOINT WARNING * * *
The leopard gecko bites you.
You die...

##....###....
#..#......... #
#.##.#.#..... #.
##.....†..####
#.#####..#..###..###
#...#....#.## ##...#
#.o...##.### ###.#
#.###l..).....#####.#
#gg)@g#.....#........
....####...###########.
.# ....## ## .....#
#.....# #...###


You could see 3 gnolls, an orc and a leopard gecko.

Vanquished Creatures
  An orc priest (D:3)
  An orc wizard (D:3)
  A gnoll (D:3)
  3 adders (D:2)
  An ooze (D:2)
  3 dart slugs
  3 orcs (D:3)
  5 giant cockroaches
  12 goblins
  9 hobgoblins
  A quokka (D:2)
  4 bats (D:2)
  4 frilled lizards
  9 kobolds
  5 rats
62 creatures vanquished.

Notes
Turn   | Place    | Note
-------+----------+-------------------------------------------
     0 | D:1      | Azunone the Troll Monk began the quest for the Orb.
     0 | D:1      | Reached XP level 1. HP: 22/22 MP: 0/0
   216 | D:1      | Reached XP level 2. HP: 26/29 MP: 1/1
   665 | D:2      | Reached XP level 3. HP: 21/36 MP: 2/2
  1031 | D:2      | Reached XP level 4. HP: 45/45 MP: 3/3
  1125 | D:2      | Found a radiant altar of Vehumet.
  1312 | D:3      | HP: 1/45 [something (4)]
  1341 | D:3      | Reached XP level 5. HP: 17/53 MP: 4/4
  1444 | D:3      | Reached skill level 1 in Throwing
  1484 | D:3      | HP: 2/53 [gnoll/+0 flail (5)]
  1484 | D:3      | Slain by a leopard gecko

Illustrated notes

Levels and vault maps discovered:
D:1:      nagdon_arrival_double_spiral, layout_loops_ring
D:2:      cheibrodos_greedy_goblins, layout_basic, nicolae_vehumet_altar_sigil,
          chequers_serial_rivers_small_3
D:3:      layout_rooms, zin_angel

Skill      XL: |  1  2  3  4  5 |
---------------+----------------+-----
Maces & Flails | 3 |  3.9
Dodging        | 3 |  3.3
Fighting       | 3 |  3.2
Throwing       | 1 |  1.0
Stealth        | |  1.0

Action                   |  1- 3 |  4- 6 || total
-------------------------+-------+-------++-------
Melee: Mace              |   132 |   114 ||   246
  Use: Potion            |       |     5 ||     5
 Stab: Sleeping          |     4 |     1 ||     5
Armor: Robe              |    60 |    69 ||   129
Dodge: Dodged            |    97 |    89 ||   186

Table legend: (Time is in decaauts)
 A = Elapsed time spent in this place.
 B = Non-inter-level travel time spent in this place.
 C = Inter-level travel time spent in this place.
 D = Time resting spent in this place.
 E = Time spent auto-exploring this place.
 F = Levels seen in this place.
 G = Mean time per level.
                   A        B        C        D        E       F      G
               +--------+--------+--------+--------+--------+-----+--------+
         Total |   1545 |   1531 |     14 |      0 |   1050 |   3 |  515.0 |
       Dungeon |   1545 |   1531 |     14 |      0 |   1050 |   3 |  515.0 |
               +--------+--------+--------+--------+--------+-----+--------+

Top non-repeatable levels by time:
     D:1: 666 daAuts
     D:2: 642 daAuts
     D:3: 236 daAuts
